[Event "2023 Perth Chess Club Championship"]
[Site "Woodvale, Perth WA AUS"]
[Date "2023.04.19"]
[Round "2"]
[White "Wu, Kobe"]
[Black "De Yaak, Peter"]
[Result "0-1"]
[ECO "B56"]
[WhiteElo "1206"]
[BlackElo "1892"]
[PlyCount "120"]
[EventDate "2023.04.12"]
[EventType "swiss"]
[EventRounds "7"]
[EventCountry "AUS"]
[TimeControl "3600+30"]

1. e4 c5 2. Nf3 Nc6 3. Bb5 d6 4. d4 cxd4 5. Nxd4 Bd7 6. Nc3 Nf6 7. Be3 g6 8.
Qd2 Bg7 9. O-O-O a6 10. Bxc6 bxc6 11. f4 Ng4 12. h3 Nxe3 13. Qxe3 Qb6 14. Rhe1
Rb8 15. b3 Qb4 16. e5 d5 17. Rd3 e6 18. Nf3 c5 19. Qe2 c4 20. Re3 cxb3 21. axb3
d4 22. Nxd4 Qxd4 23. Qxa6 O-O 24. Qd6 Qxd6 25. exd6 Bxc3 26. Rxc3 Rfc8 27. Ree3
Kg7 28. g4 Rb6 29. Rxc8 Bxc8 30. Rd3 Bd7 31. c4 Kf6 32. h4 e5 33. fxe5+ Kxe5
34. c5 Rb5 35. Rc3 Kd4 36. Rc4+ Kd5 37. g5 Rxc5 38. Rxc5+ Kxc5 39. Kd2 Kxd6 40.
Ke3 Ke5 41. b4 Bc6 42. Kd3 Kf4 43. Kd4 Kg4 44. Ke5 Kxh4 45. Kf6 Bd5 46. b5 Kh5
47. Ke5 Bc4 48. b6 Ba6 49. Kf6 Bb7 50. Kxf7 Kxg5 51. Kg7 h5 52. Kg8 Bd5+ 53.
Kf8 h4 54. b7 Bxb7 55. Kg7 h3 56. Kf7 Kh6 57. Kg8 h2 58. Kh8 h1=Q 59. Kg8 Qd5+
60. Kh8 Qd8# 0-1

[Event "2023 Perth Chess Club Championship"]
[Site "Woodvale, Perth WA AUS"]
[Date "2023.04.19"]
[Round "2"]
[White "Curtis, Calan"]
[Black "Hernandez Mendez, Iker"]
[Result "0-1"]
[ECO "D00"]
[WhiteElo "919"]
[BlackElo "1842"]
[PlyCount "44"]
[EventDate "2023.04.12"]
[EventType "swiss"]
[EventRounds "7"]
[EventCountry "AUS"]
[TimeControl "3600+30"]

1. d4 Nf6 2. Nc3 d5 3. Bf4 c5 4. e3 a6 5. Nf3 Nc6 6. h3 Bf5 7. dxc5 e6 8. Bd3
Bg6 9. Nh4 Bxd3 10. cxd3 e5 11. Bh2 Bxc5 12. Rc1 d4 13. exd4 Qxd4 14. Bg3 Rd8
15. Ne2 Bb4+ 16. Nc3 O-O 17. Nf3 Qxd3 18. Qxd3 Rxd3 19. O-O e4 20. Ng5 Bxc3 21.
Rxc3 Rxc3 22. bxc3 h6 0-1

[Event "2023 Perth Chess Club Championship"]
[Site "Woodvale, Perth WA AUS"]
[Date "2023.04.19"]
[Round "2"]
[White "Curthoys, Edward"]
[Black "O'Shaughnessy, Dave"]
[Result "1/2-1/2"]
[ECO "E18"]
[WhiteElo "1826"]
[BlackElo "1986"]
[PlyCount "96"]
[EventDate "2023.04.12"]
[EventType "swiss"]
[EventRounds "7"]
[EventCountry "AUS"]
[TimeControl "3600+30"]

1. d4 Nf6 2. Nf3 b6 3. g3 Bb7 4. Bg2 e6 5. O-O Be7 6. c4 O-O 7. Nc3 d6 8. Qc2
Nbd7 9. e4 c5 10. d5 exd5 11. exd5 a6 12. a4 Re8 13. Re1 Bf8 14. Bf4 Qc7 15.
Ng5 h6 16. Nge4 Nxe4 17. Nxe4 Ne5 18. Re2 Nd7 19. Rae1 b5 20. b3 Rad8 21. Bd2
b4 22. Ng5 Nf6 23. Rxe8 Rxe8 24. Rxe8 hxg5 25. Re1 g4 26. Bg5 Nh7 27. Bc1 Bc8
28. Qe2 Bd7 29. f3 Qc8 30. fxg4 Bxg4 31. Bf3 Bd7 32. Be4 Nf6 33. Bc2 Bg4 34.
Qd3 g6 35. Qf1 Nd7 36. h3 Ne5 37. hxg4 Qxg4 38. Rxe5 Qxg3+ 39. Kh1 Qxe5 40. Bf4
Qh5+ 41. Kg2 Qg4+ 42. Kh1 Qh4+ 43. Kg2 Qg4+ 44. Bg3 Be7 45. Qf3 Qd4 46. Qe4
Qd2+ 47. Kh3 Qh6+ 48. Kg2 Qd2+ 1/2-1/2

[Event "2023 Perth Chess Club Championship"]
[Site "Woodvale, Perth WA AUS"]
[Date "2023.04.19"]
[Round "2"]
[White "Doshi, Chirag"]
[Black "Lanham, Bruce"]
[Result "1-0"]
[ECO "B15"]
[WhiteElo "1861"]
[BlackElo "1181"]
[PlyCount "41"]
[EventDate "2023.04.12"]
[EventType "swiss"]
[EventRounds "7"]
[EventCountry "AUS"]
[TimeControl "3600+30"]

1. e4 c6 2. d4 d5 3. Nc3 dxe4 4. Nxe4 Nf6 5. Ng3 h5 6. h4 Nbd7 7. Be2 g6 8. Bg5
Bg7 9. c3 e5 10. dxe5 Nxe5 11. Qxd8+ Kxd8 12. Ne4 Ned7 13. O-O-O Ke7 14. Nf3
Re8 15. Nd6 Rd8 16. Bc4 Rf8 17. Rhe1+ Kd8 18. Bxf7 Kc7 19. Bxg6 Rh8 20. Re7 Rg8
21. Rxg7 1-0

[Event "2023 Perth Chess Club Championship"]
[Site "Woodvale, Perth WA AUS"]
[Date "2023.04.19"]
[Round "2"]
[White "Kerr, Carter"]
[Black "Janceski, Alex"]
[Result "0-1"]
[ECO "B92"]
[WhiteElo "1257"]
[BlackElo "1851"]
[PlyCount "58"]
[EventDate "2023.04.12"]
[EventType "swiss"]
[EventRounds "7"]
[EventCountry "AUS"]
[TimeControl "3600+30"]

1. e4 c5 2. Nf3 d6 3. d4 cxd4 4. Nxd4 Nf6 5. Nc3 e5 6. Nb3 a6 7. Be3 Be6 8. Be2
Be7 9. Qd2 Nbd7 10. O-O-O h6 11. f4 b5 12. f5 Bxb3 13. axb3 Qa5 14. Bf3 O-O 15.
g4 Rfc8 16. h4 d5 17. exd5 Bb4 18. Qd3 Rxc3 19. bxc3 Bxc3 20. Qxc3 Qxc3 21. Rd3
Qa1+ 22. Kd2 Qa5+ 23. Ke2 e4 24. Rd4 exf3+ 25. Kxf3 Re8 26. g5 Ne5+ 27. Ke2
Neg4 28. b4 Rxe3+ 29. Kd2 Qa3 0-1

[Event "2023 Perth Chess Club Championship"]
[Site "Woodvale, Perth WA AUS"]
[Date "2023.04.19"]
[Round "2"]
[White "De Vas, Yonal"]
[Black "Ross, Leo"]
[Result "1-0"]
[ECO "E81"]
[WhiteElo "1631"]
[BlackElo "1233"]
[PlyCount "43"]
[EventDate "2023.04.12"]
[EventType "swiss"]
[EventRounds "7"]
[EventCountry "AUS"]
[TimeControl "3600+30"]

1. d4 Nf6 2. c4 g6 3. f3 Bg7 4. e4 d6 5. Be3 O-O 6. Nc3 c5 7. dxc5 dxc5 8. Bxc5
Nfd7 9. Ba3 Qa5 10. Qd2 Nc6 11. Nh3 Rd8 12. Nd5 Qxd2+ 13. Kxd2 Nb6 14. Ke1 Nxd5
15. cxd5 Bxh3 16. dxc6 Bc8 17. Bxe7 Bxb2 18. Bxd8 Bxa1 19. c7 b6 20. Bc4 Bc3+
21. Kd1 Bd7 22. Bd5 1-0

[Event "2023 Perth Chess Club Championship"]
[Site "Woodvale, Perth WA AUS"]
[Date "2023.04.19"]
[Round "2"]
[White "Oswald, Franz"]
[Black "Markou, Victor"]
[Result "1-0"]
[ECO "D94"]
[WhiteElo "1620"]
[BlackElo "1070"]
[PlyCount "77"]
[EventDate "2023.04.12"]
[EventType "swiss"]
[EventRounds "7"]
[EventCountry "AUS"]
[TimeControl "3600+30"]

1. d4 d5 2. c4 c6 3. Nf3 Nf6 4. Nc3 g6 5. e3 Bg7 6. Be2 O-O 7. O-O Nbd7 8. b3
Re8 9. Bb2 e5 10. dxe5 Nxe5 11. Nxe5 Rxe5 12. Nxd5 cxd5 13. Bxe5 Qe8 14. Bxf6
Bxf6 15. Rc1 dxc4 16. Bxc4 Bd7 17. Qe2 a6 18. Qf3 Bg7 19. Rfd1 Bc6 20. Bd5 Bxd5
21. Qxd5 Rb8 22. h3 Bb2 23. Rc7 Bf6 24. Qf3 Rd8 25. Rxd8 Qxd8 26. Rxb7 Kg7 27.
g3 Qc8 28. Qd5 Qe8 29. Qd7 Qxd7 30. Rxd7 Kf8 31. Ra7 Kg7 32. Rxa6 Bc3 33. Kg2
f5 34. g4 Be5 35. gxf5 gxf5 36. f4 Bf6 37. Kf3 Kg6 38. e4 h5 39. e5 1-0

[Event "2023 Perth Chess Club Championship"]
[Site "Woodvale, Perth WA AUS"]
[Date "2023.04.19"]
[Round "2"]
[White "Young, Manfred"]
[Black "Garang, Kuol Awan"]
[Result "0-1"]
[ECO "A40"]
[WhiteElo "1171"]
[BlackElo "1619"]
[PlyCount "74"]
[EventDate "2023.04.12"]
[EventType "swiss"]
[EventRounds "7"]
[EventCountry "AUS"]
[TimeControl "3600+30"]

1. d4 e5 2. dxe5 Nc6 3. Nf3 Bc5 4. e3 Nge7 5. c3 Ng6 6. Bc4 Ngxe5 7. Nxe5 Nxe5
8. O-O Nxc4 9. Qd5 Nxe3 10. Bxe3 Bxe3 11. Re1 O-O 12. Rxe3 d6 13. Nd2 c6 14.
Qf3 Qc7 15. Rae1 Be6 16. b3 Qa5 17. a4 a6 18. Qg3 b5 19. Ne4 Bxb3 20. Nf6+ Kh8
21. Nh5 g6 22. Qxd6 Qd8 23. Qe5+ f6 24. Nxf6 Qxf6 25. Qxf6+ Rxf6 26. Re8+ Rxe8
27. Rxe8+ Kg7 28. axb5 axb5 29. Re3 Re6 30. g3 Rxe3 31. fxe3 Kf6 32. Kf2 Kg5
33. e4 Kg4 34. Kg2 c5 35. h3+ Kg5 36. Kf2 Kf6 37. Ke3 Ke5 0-1

[Event "2023 Perth Chess Club Championship"]
[Site "Woodvale, Perth WA AUS"]
[Date "2023.04.19"]
[Round "2"]
[White "Massam, Justin"]
[Black "Gough, Sebastian"]
[Result "1-0"]
[ECO "D02"]
[WhiteElo "1507"]
[BlackElo "1052"]
[PlyCount "79"]
[EventDate "2023.04.12"]
[EventType "swiss"]
[EventRounds "7"]
[EventCountry "AUS"]
[TimeControl "3600+30"]

1. d4 Nf6 2. Nf3 g6 3. Bf4 Bg7 4. e3 d5 5. Bd3 e6 6. Nbd2 O-O 7. O-O Nc6 8. c3
Bd7 9. Re1 Re8 10. Bg5 a6 11. Ne5 Qc8 12. Ndf3 b5 13. b4 Nxe5 14. Nxe5 c6 15.
Qf3 Ne4 16. Qxf7+ Kh8 17. Qxd7 Bxe5 18. Qxc8 Raxc8 19. dxe5 Nxc3 20. a3 c5 21.
bxc5 Rxc5 22. Rac1 Rec8 23. Kf1 Kg7 24. Be7 R5c7 25. Bb4 Na2 26. Rxc7+ Rxc7 27.
Bd2 Nc3 28. Rc1 b4 29. axb4 Nb5 30. Rxc7+ Nxc7 31. Ke2 Kf7 32. Kf3 h6 33. Kg4
g5 34. Kh5 Kg7 35. Be2 Nb5 36. Bg4 Nc7 37. Bc3 Kh7 38. Bd4 Kg7 39. Bb6 Na8 40.
Bd8 1-0

[Event "2023 Perth Chess Club Championship"]
[Site "Woodvale, Perth WA AUS"]
[Date "2023.04.19"]
[Round "2"]
[White "Bordas, Lindsay"]
[Black "Leech, Martin"]
[Result "0-1"]
[ECO "B30"]
[WhiteElo "1056"]
[BlackElo "1424"]
[PlyCount "67"]
[EventDate "2023.04.12"]
[EventType "swiss"]
[EventRounds "7"]
[EventCountry "AUS"]
[TimeControl "3600+30"]

1. e4 e6 2. Nf3 c5 3. Bc4 Nc6 4. c3 d5 5. exd5 exd5 6. Bb5 Nf6 7. O-O Be7 8. d4
O-O 9. Bg5 c4 10. b3 Qb6 11. bxc4 a6 12. Bxc6 bxc6 13. c5 Qd8 14. Qd2 Ne4 15.
Qe3 Nxg5 16. Ne5 Qc7 17. Nxc6 Bf6 18. Nb4 Be6 19. Nd2 Rfe8 20. f4 Bf5 21. Qg3
Ne4 22. Nxe4 Bxe4 23. a4 a5 24. Na2 Rab8 25. Rac1 Rb2 26. Rf2 Rxf2 27. Qxf2 Rb8
28. c4 Bb1 29. Nc3 Be4 30. cxd5 Rb4 31. Nxe4 Bxd4 32. d6 Bxf2+ 33. Kxf2 Qc6 34.
Kf3 0-1

[Event "2023 Perth Chess Club Championship"]
[Site "Woodvale, Perth WA AUS"]
[Date "2023.04.19"]
[Round "2"]
[White "Hounsome, David"]
[Black "De Vas, Senudi"]
[Result "0-1"]
[ECO "A18"]
[WhiteElo "1393"]
[BlackElo "1037"]
[PlyCount "84"]
[EventDate "2023.04.12"]
[EventType "swiss"]
[EventRounds "7"]
[EventCountry "AUS"]
[TimeControl "3600+30"]

1. c4 e6 2. e4 Nf6 3. Nc3 Bb4 4. d3 O-O 5. g3 d5 6. cxd5 exd5 7. Bd2 dxe4 8.
Nxe4 Bxd2+ 9. Qxd2 Re8 10. Bg2 Bf5 11. O-O-O Nxe4 12. Bxe4 Bxe4 13. dxe4 Qxd2+
14. Rxd2 Nc6 15. f3 Rad8 16. Ne2 Rxd2 17. Kxd2 Rd8+ 18. Kc3 Rd6 19. Rf1 Rh6 20.
Rf2 Ne5 21. Nd4 a6 22. Rd2 Rd6 23. f4 Nc6 24. Nxc6 Rxc6+ 25. Kd3 Rd6+ 26. Ke3
Rxd2 27. Kxd2 Kf8 28. Kd3 Ke7 29. Kd4 f6 30. g4 Kd6 31. b4 b6 32. a4 c5+ 33.
bxc5+ bxc5+ 34. Kc4 h6 35. h4 g5 36. hxg5 hxg5 37. e5+ fxe5 38. fxg5 e4 39. g6
Ke6 40. g5 Ke7 41. Kc3 Kf8 42. Kd2 c4 0-1

[Event "2023 Perth Chess Club Championship"]
[Site "Woodvale, Perth WA AUS"]
[Date "2023.04.19"]
[Round "2"]
[White "Frankland, David"]
[Black "Powell, Darren"]
[Result "0-1"]
[ECO "C60"]
[WhiteElo "1047"]
[BlackElo "1355"]
[PlyCount "72"]
[EventDate "2023.04.12"]
[EventType "swiss"]
[EventRounds "7"]
[EventCountry "AUS"]
[TimeControl "3600+30"]

1. e4 e5 2. Nf3 Nc6 3. c3 d6 4. Bb5 Nge7 5. d4 a6 6. Bxc6+ Nxc6 7. d5 Ne7 8.
Na3 Bd7 9. h3 c6 10. c4 h6 11. Bd2 Qb6 12. b3 g6 13. O-O Bg7 14. Be3 Qc7 15. c5
dxc5 16. Bxc5 Qa5 17. Bxe7 Kxe7 18. d6+ Ke8 19. Nc4 Qc5 20. Qd2 b5 21. Nb2 f6
22. b4 Qb6 23. Nh4 Kf7 24. a4 Qb7 25. a5 c5 26. f3 cxb4 27. Qxb4 Qa7+ 28. Kh2
Qe3 29. Rfe1 Qf2 30. Rec1 Qxh4 31. Rc7 Rhd8 32. Qb3+ Ke8 33. Rac1 Qf4+ 34. g3
Qd2+ 35. Kh1 Bxh3 36. Qe6+ Bxe6 0-1

[Event "2023 Perth Chess Club Championship"]
[Site "Woodvale, Perth WA AUS"]
[Date "2023.04.26"]
[Round "3"]
[White "Laubbacher, Jamie"]
[Black "Lakner, Jay"]
[Result "0-1"]
[ECO "C47"]
[WhiteElo "1904"]
[BlackElo "2047"]
[PlyCount "46"]
[EventDate "2023.04.12"]
[EventType "swiss"]
[EventRounds "7"]
[EventCountry "AUS"]
[TimeControl "3600+30"]

1. e4 e5 2. Nf3 Nf6 3. Nc3 Nc6 4. a4 a6 5. d4 exd4 6. Nxd4 Bb4 7. Nxc6 bxc6 8.
Bd3 d6 9. O-O Ng4 10. Bf4 g5 11. Bd2 Qf6 12. Be2 h5 13. Nd5 Qe5 14. Bf4 gxf4
15. Nxb4 f3 16. g3 fxe2 17. Qxe2 h4 18. Nd3 Qg7 19. e5 dxe5 20. f4 hxg3 21.
hxg3 Be6 22. Nc5 Bd5 23. Ne4 f5 0-1

[Event "2023 Perth Chess Club Championship"]
[Site "Woodvale, Perth WA AUS"]
[Date "2023.04.26"]
[Round "3"]
[White "Gibson, Jacob"]
[Black "Barry, David"]
[Result "1/2-1/2"]
[ECO "B90"]
[WhiteElo "1964"]
[BlackElo "1897"]
[PlyCount "100"]
[EventDate "2023.04.12"]
[EventType "swiss"]
[EventRounds "7"]
[EventCountry "AUS"]
[TimeControl "3600+30"]

1. e4 c5 2. Nf3 d6 3. d4 cxd4 4. Nxd4 Nf6 5. Nc3 a6 6. Be3 e5 7. Nb3 Be6 8. f3
h5 9. Qd2 Nbd7 10. O-O-O Rc8 11. Qf2 Be7 12. Kb1 b5 13. Nd5 Nxd5 14. exd5 Bf5
15. Bd3 Bxd3 16. Rxd3 Bg5 17. h4 Bxe3 18. Qxe3 Nc5 19. Nxc5 Rxc5 20. f4 f6 21.
Qe2 Qd7 22. fxe5 dxe5 23. Rhd1 Qd6 24. g4 g6 25. Qe4 Kf7 26. Rg1 Rc4 27. Qe2
hxg4 28. b3 Rf4 29. Rxg4 Rxh4 30. Rxh4 Rxh4 31. Qf2 g5 32. Qf5 e4 33. Rc3 Rh1+
34. Kb2 Qe5 35. Qxe5 fxe5 36. Re3 Rd1 37. c4 bxc4 38. bxc4 Rd4 39. Kc3 a5 40.
Re1 Rd3+ 41. Kc2 Rd4 42. Kb3 g4 43. Rg1 e3 44. Kc3 Ke7 45. Re1 Re4 46. c5 g3
47. d6+ Kd7 48. Kd3 Rd4+ 49. Kxe3 Kc6 50. Kf3 Kxc5 1/2-1/2

[Event "2023 Perth Chess Club Championship"]
[Site "Woodvale, Perth WA AUS"]
[Date "2023.04.26"]
[Round "3"]
[White "Hernandez Mendez, Iker"]
[Black "Plaganyi, Gyula"]
[Result "1-0"]
[ECO "B27"]
[WhiteElo "1842"]
[BlackElo "1935"]
[BlackTitle "CM"]
[PlyCount "83"]
[EventDate "2023.04.12"]
[EventType "swiss"]
[EventRounds "7"]
[EventCountry "AUS"]
[TimeControl "3600+30"]

1. e4 c5 2. Nf3 g6 3. c3 Bg7 4. d4 cxd4 5. cxd4 d5 6. e5 Bg4 7. Bb5+ Nc6 8.
Bxc6+ bxc6 9. Nbd2 Nh6 10. O-O O-O 11. h3 Bxf3 12. Nxf3 Qb6 13. Bf4 e6 14. Qd2
Nf5 15. Rac1 Rfc8 16. g4 Ne7 17. Bg5 Kf8 18. Rc5 Ng8 19. Rfc1 Ke8 20. R1c3 Bf8
21. Rb3 Qc7 22. Rc2 Rab8 23. Rxb8 Qxb8 24. Qa5 Qb6 25. Qa4 h6 26. Bd2 a6 27.
Rc3 Qb5 28. Qc2 c5 29. a4 Qb6 30. dxc5 Rxc5 31. Be3 Rxc3 32. Qxc3 Qb7 33. Nd4
Ne7 34. Nb3 Nc6 35. Nc5 Qb4 36. Nxa6 Qxa4 37. Nb8 Ne7 38. Qc7 d4 39. b3 Qb5 40.
Bxd4 Nd5 41. Qc8+ Ke7 42. Bc5+ 1-0

[Event "2023 Perth Chess Club Championship"]
[Site "Woodvale, Perth WA AUS"]
[Date "2023.04.26"]
[Round "3"]
[White "Maris, Rob"]
[Black "Doshi, Chirag"]
[Result "1-0"]
[ECO "A21"]
[WhiteElo "2050"]
[BlackElo "1861"]
[PlyCount "52"]
[EventDate "2023.04.12"]
[EventType "swiss"]
[EventRounds "7"]
[EventCountry "AUS"]
[TimeControl "3600+30"]

1. c4 e5 2. Nc3 f5 3. g3 Nf6 4. Bg2 Bc5 5. e3 e4 6. f3 exf3 7. Nxf3 O-O 8. O-O
c6 9. d4 Be7 10. d5 d6 11. Nd4 cxd5 12. cxd5 g6 13. b4 Na6 14. Qb3 Bd7 15. h3
Kg7 16. Bb2 Qb6 17. a3 h6 18. Rad1 Kh7 19. Kh2 Rac8 20. Ba1 Nh5 21. Bf3 Nf6 22.
e4 fxe4 23. Nxe4 Nxe4 24. Bxe4 Bf6 25. Qd3 Be8 26. Ne6 Be7 1-0

[Event "2023 Perth Chess Club Championship"]
[Site "Woodvale, Perth WA AUS"]
[Date "2023.04.26"]
[Round "3"]
[White "Saxon, Marc"]
[Black "Wolstencroft, Alan"]
[Result "0-1"]
[ECO "B96"]
[WhiteElo "2014"]
[BlackElo "1849"]
[PlyCount "66"]
[EventDate "2023.04.12"]
[EventType "swiss"]
[EventRounds "7"]
[EventCountry "AUS"]
[TimeControl "3600+30"]

1. e4 c5 2. Nf3 d6 3. d4 cxd4 4. Nxd4 Nf6 5. Nc3 a6 6. Bg5 e6 7. f4 Qc7 8. Qf3
b5 9. Bd3 Nbd7 10. O-O-O b4 11. Nce2 Bb7 12. Qh3 Nc5 13. Ng3 Rc8 14. e5 dxe5
15. fxe5 Qxe5 16. Qh4 Be7 17. Bc4 Nd5 18. Bxe7 Nxe7 19. Rhe1 Qf6 20. Qg4 O-O
21. Nh5 Qg6 22. Qh4 Nf5 23. Nxf5 exf5 24. g4 Bf3 25. Rd4 Bxg4 26. Nf4 Qh6 27.
Qxh6 gxh6 28. Nd5 Rcd8 29. Rf4 Kh8 30. Re3 Ne6 31. Rf2 f4 32. Nxf4 Nxf4 33.
Rxf4 Rd1# 0-1

[Event "2023 Perth Chess Club Championship"]
[Site "Woodvale, Perth WA AUS"]
[Date "2023.04.26"]
[Round "3"]
[White "Clarke, Daniel"]
[Black "Roebuck, Derek"]
[Result "1-0"]
[ECO "C78"]
[WhiteElo "1880"]
[BlackElo "1804"]
[PlyCount "121"]
[EventDate "2023.04.12"]
[EventType "swiss"]
[EventRounds "7"]
[EventCountry "AUS"]
[TimeControl "3600+30"]

1. e4 e5 2. Nf3 Nc6 3. Bb5 a6 4. Ba4 Nf6 5. O-O Bc5 6. c3 b5 7. Bc2 d5 8. d4
dxe4 9. Nxe5 Nxe5 {(=)} 10. dxc5 Qe7 11. Bxe4 Bg4 12. Qc2 Rd8 13. Bg5 h6 14.
Bh4 O-O 15. Bxf6 Qxf6 16. Nd2 Be2 17. Bh7+ Kh8 18. Ne4 Bd3 19. Nxf6 Bxc2 20.
Bxc2 gxf6 21. Rad1 Kg7 22. Rd4 Rxd4 23. cxd4 Nc6 24. Rd1 Rd8 25. d5 Ne7 26. d6
cxd6 27. Rxd6 Rxd6 28. cxd6 Nc6 29. Bf5 Kf8 30. Bd7 Nd8 31. b4 Nb7 32. a4 bxa4
33. Bxa4 Nxd6 34. f3 Ke7 35. Kf2 Nc4 36. Bd1 Kd6 37. Be2 Kd5 38. Bd3 Kd4 39.
Be4 Kc3 {(=)} 40. Bb7 Kxb4 41. Bxa6 Nd6 42. Bd3 Kc5 43. Kg3 Kd4 44. Bb1 Ke5 45.
Bc2 Nf5+ 46. Bxf5 Kxf5 47. f4 Kg6 48. Kg4 f5+ 49. Kh4 h5 50. Kg3 Kf6 51. Kh4
Kg6 52. Kg3 Kf6 53. Kf3 Ke6 54. Ke3 Kd7 55. Kd3 Ke6 56. Kc4 Kf6 57. Kd5 h4 58.
Kd6 h3 59. gxh3 Kg6 60. Ke5 f6+ 61. Ke6 1-0

[Event "2023 Perth Chess Club Championship"]
[Site "Woodvale, Perth WA AUS"]
[Date "2023.04.26"]
[Round "3"]
[White "O'Shaughnessy, Dave"]
[Black "Gough, Dylan"]
[Result "1-0"]
[ECO "C26"]
[WhiteElo "1986"]
[BlackElo "1745"]
[PlyCount "95"]
[EventDate "2023.04.12"]
[EventType "swiss"]
[EventRounds "7"]
[EventCountry "AUS"]
[TimeControl "3600+30"]

1. Nc3 e5 2. e4 Bc5 3. g3 Nf6 4. Bg2 c6 5. Nf3 d6 6. O-O h6 7. d3 Be6 8. Qe2
O-O 9. Be3 Bxe3 10. Qxe3 c5 11. Nd2 Nc6 12. h3 Nd4 13. Rac1 Nh7 14. f4 Qb6 15.
f5 Qxb2 16. fxe6 Qxc3 17. exf7+ Rxf7 18. Rxf7 Kxf7 19. Nc4 Ke7 20. a4 Rf8 21.
h4 Nxc2 22. Qe2 Qd4+ 23. Kh1 Rf2 24. Qg4 Kf7 25. Qd7+ Kg8 26. Qe6+ Kh8 27. Rxc2
Rf6 28. Qd5 Qa1+ 29. Kh2 Qxa4 30. Rb2 b6 31. Nxd6 Qd7 32. Qa8+ Rf8 33. Qd5 Qe7
34. Bh3 Nf6 35. Qe6 Qc7 36. Nf5 Re8 37. Qa2 Rd8 38. Qc4 Kh7 39. Rf2 Ne8 40. Ne3
Nf6 41. Nd5 Nxd5 42. exd5 Qd6 43. Qe4+ Kh8 44. Be6 a5 45. Rf7 Rf8 46. Qf5 Rxf7
47. Qxf7 Qd8 48. d6 1-0

[Event "2023 Perth Chess Club Championship"]
[Site "Woodvale, Perth WA AUS"]
[Date "2023.04.26"]
[Round "3"]
[White "Leech, Martin"]
[Black "De Vas, Saminda"]
[Result "0-1"]
[ECO "B38"]
[WhiteElo "1424"]
[BlackElo "2071"]
[PlyCount "118"]
[EventDate "2023.04.12"]
[EventType "swiss"]
[EventRounds "7"]
[EventCountry "AUS"]
[TimeControl "3600+30"]

1. e4 c5 2. Nf3 g6 3. d4 cxd4 4. Nxd4 Bg7 5. c4 Nc6 6. Be3 Nf6 7. Nc3 O-O 8.
Be2 Nxd4 9. Bxd4 d6 10. O-O Be6 11. Qd2 Qa5 12. Rfd1 Rfc8 13. b3 a6 14. f3 Bd7
15. Rac1 b5 16. cxb5 axb5 17. Bf1 b4 18. Ne2 Bb5 19. Rxc8+ Rxc8 20. a4 Bd7 21.
Kh1 Be6 22. Qb2 d5 23. exd5 Bxd5 24. Nf4 Bb7 25. Bc4 Rd8 26. Qe2 e5 27. Bxe5
Rxd1+ 28. Qxd1 Qxe5 29. Nd3 Qc3 30. h3 Bd5 31. Bxd5 Nxd5 32. a5 Qa1 33. Qxa1
Bxa1 34. a6 Bd4 35. g4 Kf8 36. Kg2 Ke7 37. Kf1 Kd6 38. Ke2 Kc7 39. Nc1 Nf4+ 40.
Kd2 Bc3+ 41. Kc2 Kb6 42. Na2 Kxa6 43. Nxc3 bxc3 44. Kxc3 Nxh3 45. Kd4 Ng5 46.
f4 Ne6+ 47. Ke5 h5 48. gxh5 gxh5 49. f5 Ng5 50. Kf4 f6 51. Kg3 Kb5 52. Kh4 Kb4
53. Kxh5 Kxb3 54. Kg6 Ne4 55. Kf7 Kc4 56. Ke6 Kd4 57. Kf7 Ke5 58. Kg6 Ng3 59.
Kh6 Kxf5 0-1

[Event "2023 Perth Chess Club Championship"]
[Site "Woodvale, Perth WA AUS"]
[Date "2023.04.26"]
[Round "3"]
[White "Stortz, Robert"]
[Black "Michael, Ashley"]
[Result "1-0"]
[ECO "A46"]
[WhiteElo "1870"]
[BlackElo "1540"]
[PlyCount "141"]
[EventDate "2023.04.12"]
[EventType "swiss"]
[EventRounds "7"]
[EventCountry "AUS"]
[TimeControl "3600+30"]

1. d4 Nf6 2. Nf3 c5 3. c3 Qb6 4. Qb3 cxd4 5. Nxd4 d5 6. Bf4 Nbd7 7. Qxb6 axb6
8. Nb5 Kd8 9. Bc7+ Ke8 10. Bg3 Kd8 11. e3 e5 12. Nd2 Nh5 13. Bh4+ f6 14. Be2 g6
15. c4 Ng7 16. cxd5 g5 17. Bg3 Bb4 18. h3 Nc5 19. Nc3 Bxc3 20. bxc3 Bf5 21. O-O
Ra3 22. c4 Bd3 23. Bxd3 Rxd3 24. Nb3 Nf5 25. Bh2 Nd6 26. Nxc5 bxc5 27. Rfc1 Kc7
28. a4 Ra8 29. Kf1 Rb3 30. a5 Rb4 31. f4 Nxc4 32. fxe5 fxe5 33. Ke2 Kd6 34. e4
Rxa5 35. Rxa5 Nxa5 36. Kd3 Rd4+ 37. Ke3 Nc4+ 38. Kf3 h5 39. Bg1 g4+ 40. hxg4
hxg4+ 41. Ke2 Rd2+ 42. Kf1 b5 43. Ra1 g3 44. Ra6+ Kd7 45. Bxc5 Rd1+ 46. Ke2
Rd2+ 47. Kf3 Rd3+ 48. Kg4 Ne3+ 49. Bxe3 Rxe3 50. Kf5 Rc3 51. Kxe5 b4 52. Rb6 b3
53. Kd4 Rc2 54. Rb7+ Kc8 55. Rxb3 Rxg2 56. Ke5 Rg1 57. Kd6 g2 58. Rb2 Re1 59.
Rxg2 Rxe4 60. Rg8+ Kb7 61. Rg7+ Kc8 62. Rc7+ Kd8 63. Ra7 Kc8 64. Re7 Rd4 65.
Re5 Kd8 66. Ke6 Rh4 67. d6 Rh6+ 68. Kd5 Rh7 69. Kc6 Rd7 70. Rh5 Kc8 71. Ra5 1-0

[Event "2023 Perth Chess Club Championship"]
[Site "Woodvale, Perth WA AUS"]
[Date "2023.04.26"]
[Round "3"]
[White "Janceski, Alex"]
[Black "Massam, Justin"]
[Result "1-0"]
[ECO "D10"]
[WhiteElo "1851"]
[BlackElo "1507"]
[PlyCount "69"]
[EventDate "2023.04.12"]
[EventType "swiss"]
[EventRounds "7"]
[EventCountry "AUS"]
[TimeControl "3600+30"]

1. d4 d5 2. c4 c6 3. e3 Nf6 4. h3 Bf5 5. Nd2 Nbd7 6. Ngf3 e6 7. a3 Bd6 8. Nh4
Be4 9. Nhf3 Bg6 10. b4 dxc4 11. Nxc4 Bc7 12. Bb2 b5 13. Ncd2 a5 14. Rc1 axb4
15. axb4 Nd5 16. Qb3 Ra4 17. Bc3 N7f6 18. Be2 Bd6 19. O-O Nxb4 20. Ne5 Be4 21.
Nxe4 Nxe4 22. Bxb4 Rxb4 23. Qc2 Bxe5 24. Qxc6+ Qd7 25. Qxe4 Bf6 26. Rb1 Rxb1
27. Rxb1 O-O 28. Bxb5 Qd6 29. Bd3 g6 30. h4 h5 31. g4 Bxh4 32. gxh5 Bg5 33.
hxg6 f5 34. Qh1 Qe7 35. Rb7 1-0

[Event "2023 Perth Chess Club Championship"]
[Site "Woodvale, Perth WA AUS"]
[Date "2023.04.26"]
[Round "3"]
[White "Powell, Darren"]
[Black "Curthoys, Edward"]
[Result "0-1"]
[ECO "B13"]
[WhiteElo "1355"]
[BlackElo "1826"]
[PlyCount "90"]
[EventDate "2023.04.12"]
[EventType "swiss"]
[EventRounds "7"]
[EventCountry "AUS"]
[TimeControl "3600+30"]

1. e4 c6 2. Nc3 d5 3. exd5 cxd5 4. d4 Nf6 5. h3 Nc6 6. Nf3 e6 7. a3 a6 8. Bf4
Bd6 9. Bg5 h6 10. Bxf6 Qxf6 11. Qd3 Bd7 12. O-O-O O-O 13. g3 b5 14. Nb1 b4 15.
Nfd2 bxa3 16. Nxa3 Qxd4 17. Qxd4 Nxd4 18. Nab1 Rfc8 19. Nc3 Bb4 20. Ndb1 Bxc3
21. Nxc3 Nb5 22. Rd3 Nxc3 23. Rxc3 Rxc3 24. bxc3 a5 25. Kb2 Kf8 26. Bg2 Bb5 27.
f4 Ke7 28. Re1 Kd6 29. Ka3 Rc8 30. Kb2 f6 31. h4 e5 32. Bh3 Rc7 33. fxe5+ fxe5
34. Rd1 e4 35. Bg2 Ke5 36. Ra1 a4 37. Re1 Rf7 38. Ka3 Rf2 39. Rb1 Bc4 40. Bh3
Rh2 41. Bg4 e3 42. Rb6 d4 43. cxd4+ Kxd4 44. Rd6+ Kc3 45. Rd7 Rxc2 0-1

[Event "2023 Perth Chess Club Championship"]
[Site "Woodvale, Perth WA AUS"]
[Date "2023.04.26"]
[Round "3"]
[White "Leonhardt, Wolfgang"]
[Black "Maujean, Jean Michel"]
[Result "1-0"]
[ECO "C54"]
[WhiteElo "1778"]
[BlackElo "1307"]
[PlyCount "72"]
[EventDate "2023.04.12"]
[EventType "swiss"]
[EventRounds "7"]
[EventCountry "AUS"]
[TimeControl "3600+30"]

1. e4 e5 2. Nf3 Nc6 3. Bc4 Bc5 4. O-O Nf6 5. d3 h6 6. c3 O-O 7. b4 Bd6 8. Bb3
Ne7 9. Qe2 Ng6 10. h3 c6 11. Nbd2 Bc7 12. c4 d6 13. Re1 Be6 14. Nf1 Nd7 15. Ne3
Qf6 16. Ng4 Bxg4 17. hxg4 Nf4 18. Bxf4 Qxf4 19. Nh2 Bb6 20. Qf3 Qd2 21. Rab1
Qxb4 22. g5 Qd2 23. gxh6 Qxh6 24. Ng4 Qg6 25. Ne3 Bd4 26. Nf5 Qf6 27. Nxd4 exd4
28. Qh3 Ne5 29. Rf1 Ng6 30. Bd1 b6 31. g3 Qe6 32. Bg4 Qe5 33. f4 Qa5 34. Rbd1
Qc3 35. Rf2 a6 36. Rh2 f6 1-0